 Dungeon Crawl Stone Soup version 0.28.0-49-g6dfe1f597d (webtiles) character file.

Game seed: 163996158816066009

238 Zeld the Ogre Mage (level 6, -1/61 HPs)
             Began as an Ogre Transmuter on May 19, 2022.
             Slain by a gnoll
             ... wielding a +0 halberd
              (8 damage)
             ... on level 4 of the Dungeon.
             The game lasted 00:02:43 (5003 turns).

Zeld the Ogre Mage (Ogre Transmuter)                Turns: 5003, Time: 00:02:44

Health: -1/61      AC:  3    Str: 17    XL:     6   Next: 7%
Magic:  12/12      EV:  9    Int: 14    God:
Gold:   195        SH:  0    Dex:  9    Spells: 3/13 levels left

rFire   . . .      SeeInvis .     - Unarmed
rCold   . . .      Faith    .   (no shield)
rNeg    . . .      Spirit   .   a - +0 robe
rPois   .          Reflect  .   (helmet restricted)
rElec   .          Harm     .   (no cloak)
rCorr   .          Rampage  .   (gloves unavailable)
Will    .....                   (boots unavailable)
Stlth   +.........              (no amulet)
HPRegen 0.20/turn               (no ring)
MPRegen 0.13/turn               (no ring)

@: no status effects
A: large, unfitting armour, tough skin 1
a: no special abilities


You were on level 4 of the Dungeon.
You visited 1 branch of the dungeon, and saw 4 of its levels.

You collected 195 gold pieces.

Inventory:

Armour
 a - a +0 robe (worn)
Scrolls
 c - a scroll of noise {unknown}
 d - a scroll of vulnerability {unknown}
 f - 2 scrolls of fear {unknown}
 g - a scroll of silence {unknown}
 h - 2 scrolls of blinking {unknown}
 i - 2 scrolls of teleportation {unknown}
 k - 3 scrolls of identify {unknown}
 m - a scroll of amnesia {unknown}
Potions
 b - a potion of degeneration {unknown}
 e - 2 potions of lignification {unknown}
 j - a potion of berserk rage {unknown}
 l - a potion of curing {unknown}
 n - 2 potions of heal wounds {unknown}


   Skills:
 + Level 3.2 Fighting
 - Level 1.7 Dodging
 - Level 2.6 Unarmed Combat
 * Level 4.4 Spellcasting
 * Level 3.6 Transmutations
 + Level 1.6 Poison Magic


You had 3 spell levels left.
You knew the following spells:

 Your Spells              Type           Power      Damage    Failure   Level
a - Beastly Appendage     Tmut           26%        N/A       4%          1
b - Wereblood             Tmut           13%        N/A       6%          2
c - Spider Form           Tmut/Pois      10%        N/A       19%         3
d - Ice Form              Ice/Tmut       8%         N/A       65%         4

Your spell library contained the following spells:

 Spells                   Type           Power      Damage    Failure   Level
 Sublimation of Blood     Necr           3%         N/A       28%         2
 Confusing Touch          Hex            3%         N/A       50%         3
 Yara's Violent Unravell  Hex/Tmut       4%         3d4       94%         5
 Enfeeble                 Hex            1%         N/A       100%        7
 Summon Hydra             Summ           1%         N/A       100%        7


Dungeon Overview and Level Annotations

Branches:
Dungeon (4/15)
 Temple: D:4-7

Altars:
Dithmenos
Ru


Innate Abilities, Weirdness & Mutations

You are too large for most types of armour.
You have tough skin. (AC +1)


Message History

The gnoll hits you from afar with a +0 spear.
The gnoll barely misses you. The gnoll hits you with a +0 spear!
You barely miss the gnoll. The gnoll closely misses you.
You barely miss the gnoll. Your headbutt misses the gnoll.
Your transformation is almost over.
The gnoll barely misses you. The gnoll hits you with a +0 spear.
You barely miss the gnoll.
You headbutt the gnoll, but do no damage.
The gnoll closely misses you.
You closely miss the gnoll. Your kick misses the gnoll.
The gnoll closely misses you. x2
You hit the gnoll.
The gnoll is moderately wounded.
The gnoll closely misses you.
You hit the gnoll but do no damage. Your headbutt misses the gnoll.
The gnoll is moderately wounded.
The gnoll hits you with a +0 spear! The gnoll completely misses you.
You closely miss the gnoll.
The gnoll is moderately wounded.
The gnoll hits you with a +0 spear. The gnoll closely misses you.
You barely miss the gnoll. You claw the gnoll, but do no damage.
You headbutt the gnoll.
The gnoll is severely wounded.
The gnoll hits you from afar with a +0 halberd!
You closely miss the gnoll. You headbutt the gnoll.
You kill the gnoll!
A gnoll shaman comes into view. It is wielding a +0 whip.
The gnoll hits you from afar with a +0 halberd! 2 gnolls come into view.
Your horns disappear.
Your talons disappear.
The gnoll shouts! x2; You hear a shout!
A gnoll comes into view. It is wielding a +0 flail.
The gnoll hits you with a +0 halberd!
* * * LOW HITPOINT WARNING * * *
The gnoll shaman hits you with a +0 whip.
* * * LOW HITPOINT WARNING * * *
Things that are here:
a +0 spear; a gnoll corpse The gnoll hits you from afar with a +0 halberd!
You die...

#.# #.# ... ### #.## ...
..... #... #.# #... ##.#.##
########.# ##.#######.#.####
.........###.#..≈≈≈..#..# #
.....g...g#.#..≈...≈..#.####
.....g...g)#...≈._.≈...#....
...g.....(#@#..≈...≈..#.####
..........##.#..≈≈≈..#..# #
..........###.#######.#.# #
..........# ##.......##.# #
########### #.......##.# #
##[.....##.# # #......##.# #
######..##.# ..........#.#


You could see a gnoll shaman and 3 gnolls.

Vanquished Creatures
  A scorpion (D:4)
  A hound (D:4)
  A hound skeleton (D:4)
  A gnoll (D:4)
  4 adders
  3 worms
  2 dart slugs (D:1)
  5 orcs
  12 bats
  4 endoplasms
  A giant cockroach (D:1)
  9 goblins
  4 hobgoblins
  6 quokkas
  5 ball pythons
  4 frilled lizards (D:3)
  A kobold (D:1)
  13 rats
77 creatures vanquished.

Notes
Turn   | Place    | Note
-------+----------+-------------------------------------------
     0 | D:1      | Zeld the Ogre Transmuter began the quest for the Orb.
     0 | D:1      | Reached XP level 1. HP: 19/19 MP: 3/3
    78 | D:1      | Reached XP level 2. HP: 22/28 MP: 3/5
   543 | D:1      | Reached skill level 3 in Spellcasting
   837 | D:1      | Reached XP level 3. HP: 32/35 MP: 5/7
   840 | D:1      | Learned a level 2 spell: Wereblood
   844 | D:1      | Learned a level 3 spell: Spider Form
  1509 | D:2      | Found a shadowy altar of Dithmenos.
  1929 | D:2      | Reached XP level 4. HP: 25/44 MP: 6/9
  3955 | D:3      | Learned a level 4 spell: Ice Form
  4025 | D:4      | Reached skill level 1 in Poison Magic
  4083 | D:4      | Reached XP level 5. HP: 18/50 MP: 10/10
  4341 | D:4      | Reached skill level 4 in Spellcasting
  4475 | D:4      | Found a sacrificial altar of Ru.
  4525 | D:4      | Reached XP level 6. HP: 8/61 MP: 12/12
  5003 | D:4      | Slain by a gnoll

Illustrated notes

Levels and vault maps discovered:
D:1:      amcnicky_arrival_gap_in_the_tavern_cellar, layout_loops_corners,
          chequers_arboretum
D:2:      layout_basic, basic_altar
D:3:      layout_loops_ring
D:4:      layout_basic, nicolae_ru_awakened_eye

Skill      XL: |  1  2  3  4  5 |
---------------+----------------+-----
Transmutations | 2 3 |  3.6
Spellcasting   | 3 4 |  4.4
Fighting       | 2 3 |  3.2
Poison Magic   | 1 |  1.6
Dodging        | |  1.7
Unarmed Combat | |  2.6

Action                   |  1- 3 |  4- 6 || total
-------------------------+-------+-------++-------
Melee: Unarmed           |   131 |   145 ||   276
       Kick              |    19 |    24 ||    43
       Headbutt          |     8 |    15 ||    23
       Punch             |     2 |     2 ||     4
 Cast: Beastly Appendage |    31 |    27 ||    58
 Stab: Sleeping          |     2 |       ||     2
Armor: Robe              |    58 |    33 ||    91
Dodge: Dodged            |    68 |    66 ||   134
